 Dungeon Crawl Stone Soup version 0.19.0-11-g3fc08b3 (webtiles) character file.

771 Wardy123 the Skirmisher (level 7, 0/87 HPs)
             Began as a Demonspawn Gladiator on Nov 9, 2016.
             Was an Initiate of Qazlal.
             Slain by Prince Ribbit (4 damage)
             ... on level 6 of the Dungeon.
             The game lasted 00:14:17 (3477 turns).

Wardy123 the Skirmisher (Demonspawn Gladiator)      Turns: 3477, Time: 00:14:18

Health: 0/87       AC: 10    Str: 21 (23) XL:     7   Next: 53%
Magic:  0/7        EV: 16    Int:  8 (9)  God:    Qazlal [......]
Gold:   207        SH:  0    Dex: 13      Spells: 0 memorised, 6 levels left

rFire  . . .     SeeInvis .     B - +0 trident (curse)
rCold  . . .     Gourm    .     b - +0 leather armour
rNeg   . . .     Faith    .     (no shield)
rPois  .         Spirit   +     c - +0 helmet
rElec  .         Reflect  .     A - +0 cloak
rCorr  .         Harm     .     (no gloves)
MR     .....                    w - +2 pair of boots
Stlth  ..........               E - amulet of guardian spirit
                                (no ring)
                                C - +3 ring of evasion

@: berserking, very quick
A: hooves 1, molten scales 1, demonic guardian 1, spiny 1
a: Renounce Religion


You were on level 6 of the Dungeon.
You worshipped Qazlal.
Qazlal was noncommittal.
You were not hungry.

You visited 2 branches of the dungeon, and saw 7 of its levels.

You collected 207 gold pieces.

Inventory:

Hand Weapons
 a - a +0 trident
 r - a +3 whip
 B - a cursed +0 trident (weapon)
Missiles
 d - a throwing net (quivered)
 o - 6 tomahawks
Armour
 b - a +0 leather armour (worn)
 c - a +0 helmet (worn)
 w - a +2 pair of boots (worn)
 A - a +0 cloak (worn)
Jewellery
 C - a +3 ring of evasion (left hand)
 E - an amulet of guardian spirit (around neck)
Scrolls
 e - a scroll of noise {unknown}
 i - 6 scrolls of teleportation {unknown}
 j - 6 scrolls of identify {unknown}
 k - 2 scrolls of immolation {unknown}
 n - a scroll of fog {unknown}
 p - 3 scrolls of recharging {unknown}
 q - a scroll of fear {unknown}
 s - 2 scrolls of remove curse {unknown}
 x - a scroll of amnesia {unknown}
 y - a scroll of enchant weapon {unknown}
Potions
 m - a potion of cancellation {unknown}
 u - a potion of brilliance {unknown}
 v - a potion of mutation {unknown}
 z - a potion of degeneration
 D - a potion of flight {unknown}
Comestibles
 f - 2 bread rations
 g - 2 meat rations
 l - 7 fruits
 t - a chunk of flesh
 F - a beef jerky


   Skills:
 * Level 6.1 Fighting
 * Level 5.3 Polearms
 - Level 1.7 Throwing
 - Level 1.0 Armour
 * Level 3.3 Dodging
 - Level 1.4 Stealth


You had 6 spell levels left.
You didn't know any spells.

Dungeon Overview and Level Annotations

Branches:
Dungeon (6/15)             Temple (1/1) D:4

Altars:
Elyvilon
Makhleb
Qazlal
Vehumet

Annotations:
D:6 Prince Ribbit


Innate Abilities, Weirdness & Mutations

You have large cloven feet.
You are partially covered in molten scales. (AC +2)
A weak demonic guardian rushes to your aid.
You are partially covered in sharp spines.


Message History

You feel weakened.
You feel dopey.
You feel clumsy. Grinder gestures at you. You resist with significant effort.
It was a potion of berserk rage.
A red film seems to cover your vision as you go berserk!
You feel yourself moving faster!
You feel mighty!
Prince Ribbit hits you but does no damage.
Grinder gestures at you.
You struggle to resist.
You puncture Grinder!
You kill Grinder!
Qazlal accepts your kill.
You feel your intelligence returning.
You feel your dexterity returning.
Your Fighting skill increases to level 6!
Your Polearms skill increases to level 5!
Prince Ribbit closely misses you.
You miss Prince Ribbit.
Prince Ribbit is heavily wounded.
Prince Ribbit hits you.
You die...

#......# #......#
... #......#
.....# #......#
#....# #......#
#....# #%.5...#
#....####......#
####......!##+####
#...##....F@#
######...##......#
.....#...##......#
####.#...###.....#
#<...#...# #..####
.....#...####.##
.....'....# #..#
.....#....# ##.##
#....#....####..#


You could see Prince Ribbit.

Vanquished Creatures
  Grinder (D:6)
  A water moccasin (D:5)
  A phantom (D:5)
  A scorpion (D:5)
  A crimson imp (D:6)
  3 hounds
  An orc wizard (D:5)
  A gnoll (D:5)
  3 adders (D:3)
  2 oozes (D:2)
  3 worms
  2 dart slugs
  4 leopard geckos
  3 orcs
  8 giant cockroaches
  6 goblins
  4 hobgoblins
  6 jackals (D:2)
  10 kobolds
  2 quokkas
  2 ball pythons (D:2)
  A ball python skeleton (D:5)
  6 bats
  A frilled lizard (D:2)
  A jackal skeleton (D:4)
  A leopard gecko skeleton (D:4)
  5 rats
80 creatures vanquished.

Vanquished Creatures (collateral kills)
  An ice beast (D:6)
  A centaur skeleton (D:4)
  3 gnolls (D:5)
  A giant cockroach zombie (D:5)
6 creatures vanquished.

Grand Total: 86 creatures vanquished

Notes
Turn   | Place    | Note
-------+----------+-------------------------------------------
     0 | D:1      | Wardy123 the Demonspawn Gladiator began the quest for the Orb.
     0 | D:1      | Reached XP level 1. HP: 16/16 MP: 1/1
   305 | D:1      | Gained mutation: A weak demonic guardian rushes to your aid. [demonic ancestry]
   305 | D:1      | Reached XP level 2. HP: 23/23 MP: 2/2
   505 | D:1      | Reached skill level 3 in Fighting
   733 | D:1      | Reached skill level 1 in Armour
   966 | D:2      | Gained mutation: You are partially covered in molten scales. (AC +2) [demonic ancestry]
   966 | D:2      | Reached XP level 3. HP: 29/29 MP: 3/3
  1217 | D:2      | Reached skill level 1 in Stealth
  1300 | D:2      | Found a burning altar of Makhleb.
  1304 | D:2      | Gained mutation: You are partially covered in sharp spines. [demonic ancestry]
  1304 | D:2      | Reached XP level 4. HP: 29/37 MP: 4/4
  1313 | D:2      | Reached skill level 4 in Fighting
  1567 | D:3      | Found a faded altar of an unknown god.
  2429 | D:4      | Found a staircase to the Ecumenical Temple.
  2443 | Temple   | Entered the Ecumenical Temple
  2450 | Temple   | Became a worshipper of Qazlal Stormbringer
  2504 | D:4      | Gained mutation: You have large cloven feet. [demonic ancestry]
  2504 | D:4      | Reached XP level 5. HP: 40/43 MP: 5/5
  2578 | D:5      | Entered Level 5 of the Dungeon
  2761 | D:5      | Noticed a phantom
  2781 | D:5      | Reached skill level 5 in Fighting
  2807 | D:5      | Killed a phantom
  2807 | D:5      | Reached XP level 6. HP: 39/51 MP: 6/6
  3011 | D:5      | Noticed a water moccasin
  3020 | D:5      | Killed a water moccasin
  3377 | D:6      | Noticed an ice beast
  3395 | D:6      | Killed an ice beast
  3395 | D:6      | Reached XP level 7. HP: 57/57 MP: 7/7
  3453 | D:6      | Noticed Grinder
  3454 | D:6      | Noticed Prince Ribbit
  3467 | D:6      | Paralysed by Grinder for 5 turns
  3473 | D:6      | HP: 2/57 [Grinder (6)]
  3476 | D:6      | Killed Grinder
  3476 | D:6      | Reached skill level 6 in Fighting
  3476 | D:6      | Reached skill level 5 in Polearms
  3477 | D:6      | Slain by Prince Ribbit

Skill      XL: |  1  2  3  4  5  6  7 |
---------------+----------------------+-----
Fighting       | 3 4 5 6 |  6.1
Armour         | 1 |  1.0
Stealth        | 1 |  1.4
Polearms       | 3 4 5 |  5.3
Dodging        | 3 |  3.3
Throwing       | |  1.7

Action                   |  1- 3 |  4- 6 |  7- 9 || total
-------------------------+-------+-------+-------++-------
Melee: Trident           |   114 |   136 |    21 ||   271
Throw: Throwing net      |     1 |     5 |       ||     6
  Use: Potion            |       |       |     2 ||     2
 Stab: Held in net/web   |     1 |     2 |       ||     3
       Sleeping          |     2 |     1 |       ||     3
  Eat: Chunk             |     1 |     5 |       ||     6
       Royal jelly       |       |     1 |       ||     1
Armor: Leather armour    |    26 |    26 |     6 ||    58
Dodge: Dodged            |    43 |    60 |    13 ||   116
